 Dungeon Crawl Stone Soup version 0.30.0-29-ga12c61a403 (webtiles) character file.

Game seed: 11125638277576526980

685 qw the Chopper (level 7, -1/44 HPs)
             Began as a Gargoyle Fighter on June 4, 2023.
             Slain by a gnoll sergeant
             ... wielding a +0 vampiric spear
              (8 damage)
             ... on level 4 of the Dungeon.
             The game lasted 00:01:30 (2794 turns).

qw the Chopper (Gargoyle Fighter)                   Turns: 2794, Time: 00:01:31

Health: -1/44      AC: 17    Str: 22    XL:     7   Next: 62%
Magic:  7/7        EV:  8    Int:  8    God:
Gold:   23         SH:  4    Dex:  9    Spells: 6/6 levels left

rFire   + . .        Y - +1 war axe
rCold   . . .        c - +0 buckler
rNeg    + . .        f - +2 chain mail {rF+}
rPois   inf          l - +0 helmet
rElec   +            (no cloak)
rCorr   .            (no gloves)
SInv    .            (no boots)
Will    .....        (no amulet) Stlth
                     (no ring)
HPRegen 0.27/turn    (no ring)
MPRegen 0.10/turn

%: no passive effects
@: about to teleport
A: sickness immunity, AC +4, negative energy resistance 1, electricity
resistance, torment resistance 1, petrification resistance
a: no special abilities


You were on level 4 of the Dungeon.
You visited 1 branch of the dungeon, and saw 4 of its levels.

You collected 207 gold pieces.
You spent 184 gold pieces at shops.


Innate Abilities, Weirdness & Mutations

You are immune to sickness and miasma.
Your stone body is resilient. (AC +4)
You are immune to poison.
You resist negative energy. (rN+)
You are resistant to electric shocks. (rElec)
You are resistant to unholy torment.
You are immune to petrification.


   Skills:
 - Level 4.5 Fighting
 + Level 6.8 Axes
 - Level 3.2 Armour
 - Level 1.4 Dodging
 - Level 3.2 Shields


You had 6 spell levels left.
You didn't know any spells.
Your spell library was empty.

Inventory:

Hand Weapons
 k - a +0 whip
 Y - a +1 war axe (weapon)
Armour
 c - a +0 buckler (worn)
 f - a +2 chain mail of fire resistance (worn)
 l - a +0 helmet (worn)
 o - a +0 kite shield
Jewellery
 n - a ring of wizardry
Scrolls
 a - a scroll of identify
 e - a scroll of teleportation
 p - a scroll of fog {unknown}
Potions
 b - a potion of attraction
 d - 4 potions of might
 g - a potion of haste
 h - 2 potions of cancellation {unknown}
 i - a potion of flight {unknown}
 j - a potion of curing
 m - a potion of berserk rage {unknown}

Dungeon Overview and Level Annotations

Branches:
Dungeon (4/15)
 Temple: D:4-7

Altars:

Shops:
D:3 *   D:4 **


Message History

The gnoll hits you but does no damage. The gnoll barely misses you.
The gnoll hits you but does no damage. x2
You slash the gnoll!
You kill the gnoll!
You hit the gnoll sergeant. You closely miss the gnoll.
The gnoll sergeant hits you with a +0 vampiric spear.
The gnoll barely misses you. The gnoll closely misses you.
You block the gnoll's attack.
You barely miss the gnoll.
The gnoll is moderately wounded.
You hit the gnoll.
You hit the gnoll sergeant but do no damage.
The gnoll sergeant closely misses you. The gnoll hits you with a +0 flail!
The gnoll barely misses you. The gnoll closely misses you.
The gnoll barely misses you.
2791 ||| READING 2 scrolls of teleportation.
As you read the scroll of teleportation, it crumbles to dust.
You feel strangely unstable.
The gnoll sergeant hits you but does no damage.
The gnoll hits you but does no damage. The gnoll barely misses you.
The gnoll hits you but does no damage. The gnoll barely misses you.
You hit the gnoll.
The gnoll is severely wounded.
You hit the gnoll. You hit the gnoll sergeant.
The gnoll sergeant hits you but does no damage.
You block the gnoll's attack. The gnoll barely misses you.
The gnoll hits you but does no damage. The gnoll barely misses you.
You block the gnoll sergeant's attack. The gnoll hits you but does no damage.
The gnoll completely misses you.
The gnoll hits you but does no damage. x2
You slash the gnoll!
You kill the gnoll!
You barely miss the gnoll.
You hit the gnoll sergeant but do no damage.
You block the gnoll sergeant's attack.
The gnoll hits you but does no damage. x2
The gnoll closely misses you.
You closely miss the gnoll.
The gnoll is heavily wounded.
You barely miss the gnoll sergeant.
The gnoll sergeant hits you with a +0 vampiric spear!
You die...

P...# #.####.#
####.#.#.### #...#
#......# #........#
###.# #..#####
#.##.#.#.# #.# #..#
#######.##.#.#.# #.#
#..#
#..........#...### #(#
#..#
#####.##.##.#####.....
#.# #..# #~~~~.~~~~#.#
#.#### #.#
#..###~##~.~##~#.# #.#
#.# #.....~###@## ~..#
#.# #.# ##.###~~#gg)#
~### #.# #.# #.# #.gg#
~# #.# #<# #.# #.=.#
~# #.# #.# ##.# #####
~# #.# #.# #..# ## ##~
## #.###.####~~~ ~~~
.. ###.........# #.# #
..........#.# #.#


You could see a gnoll sergeant and 3 gnolls.

Vanquished Creatures
  Grinder (D:4)
  2 phantoms (D:4)
  A kobold brigand (D:4)
  Jessica (D:3)
  An orc wizard (D:3)
  A scorpion zombie (D:4)
  2 hound skeletons (D:4)
  5 gnolls (D:4)
  7 adders
  4 adder zombies (D:4)
  A worm (D:3)
  2 dart slugs
  3 orcs (D:3)
  10 endoplasms
  6 goblins
  4 hobgoblins
  4 quokkas
  7 ball pythons
  A bat (D:1)
  2 frilled lizards
  3 kobolds
  7 rats
75 creatures vanquished.

Notes
Turn   | Place    | Note
-------+----------+-------------------------------------------
     0 | D:1      | qw the Gargoyle Fighter began the quest for the Orb.
     0 | D:1      | Reached XP level 1. HP: 14/14 MP: 1/1
     0 | D:1      | 0 ||| qw: Version: 0.2-a-107-g4668610
     0 | D:1      | 0 ||| qw: Game counter: 1303
     0 | D:1      | 0 ||| qw: Always use a shield: true
     0 | D:1      | 0 ||| qw: God list: Okawaru
     0 | D:1      | 0 ||| qw: Allow faded altars: false
     0 | D:1      | 0 ||| qw: Do Orc after D:15 true
     0 | D:1      | 0 ||| qw: Do second Lair branch before Depths: true
     0 | D:1      | 0 ||| qw: Lair rune preference: random
     0 | D:1      | 0 ||| qw: Plans: Normal, Zot:1-4, Slime:5, God:TSO, Crypt,
                  | Tomb, Abyss, Pan, Hells, Win
     0 | D:1      | 0 ||| PLANNING D:1-11
    87 | D:1      | Reached skill level 2 in Axes
   103 | D:1      | Found a faded altar of an unknown god.
   165 | D:1      | Reached XP level 2. HP: 11/19 MP: 2/2
   725 | D:1      | 725 ||| UPGRADING to +2 chain mail of fire resistance.
   735 | D:1      | 735 ||| DROPPING +0 scale mail.
   736 | D:1      | 736 ||| READING 2 scrolls labelled GAEPTI HESKELUA.
   737 | D:1      | 737 ||| READING 3 scrolls labelled FOKAR FURY.
   738 | D:1      | 738 ||| DROPPING 2 scrolls of poison.
   913 | D:2      | 913 ||| Stepping ~*~*~tactically~*~*~ (stealth).
   915 | D:2      | 915 ||| Stepping ~*~*~tactically~*~*~ (stealth).
   916 | D:2      | 916 ||| Stepping ~*~*~tactically~*~*~ (hiding).
   920 | D:2      | Reached skill level 3 in Axes
   926 | D:2      | Reached XP level 3. HP: 23/23 MP: 3/3
  1437 | D:2      | 1437 ||| READING 2 scrolls labelled OPRUNO LOMOPU.
  1441 | D:2      | 1441 ||| READING scroll labelled XOB JITSUEM.
  1442 | D:2      | 1442 ||| DRINKING 2 purple potions.
  1443 | D:2      | 1443 ||| READING 3 scrolls of identify.
  1443 | D:2      | 1443 ||| IDENTIFYING bubbling white potion
  1444 | D:2      | 1444 ||| READING 2 scrolls of identify.
  1444 | D:2      | 1444 ||| IDENTIFYING inky potion
  1445 | D:2      | 1445 ||| DROPPING potion of invisibility.
  1467 | D:3      | Reached XP level 4. HP: 28/28 MP: 4/4
  1533 | D:3      | Reached skill level 4 in Axes
  1568 | D:3      | 1568 ||| Stepping ~*~*~tactically~*~*~ (hiding).
  1571 | D:3      | 1571 ||| Stepping ~*~*~tactically~*~*~ (hiding).
  1593 | D:3      | Found Cugrirhau's Assorted Antiques.
  1603 | D:3      | 1603 ||| BUYING fuming dark potion (14 gold).
  1603 | D:3      | Bought a fuming dark potion for 14 gold pieces
  1603 | D:3      | 1603 ||| BUYING helmet (72 gold).
  1603 | D:3      | Bought a helmet for 72 gold pieces
  1603 | D:3      | 1603 ||| SHOPLISTING onyx ring (80 gold, have 41).
  1603 | D:3      | 1603 ||| BUYING scroll labelled WUSSO VUAME (16 gold).
  1603 | D:3      | Bought a scroll labelled WUSSO VUAME for 16 gold pieces
  1603 | D:3      | 1603 ||| SHOPLISTING scroll of enchant weapon (120 gold,
                  | have 25).
  1603 | D:3      | 1603 ||| SHOPLISTING warped silver ring (80 gold, have 25).
  1646 | D:3      | Reached XP level 5. HP: 32/32 MP: 5/5
  1820 | D:3      | Noticed Jessica
  1824 | D:3      | Killed Jessica
  1829 | D:3      | Reached skill level 5 in Axes
  1831 | D:3      | 1831 ||| DROPPING +0 club.
  2083 | D:3      | 2083 ||| UPGRADING to +0 helmet.
  2088 | D:3      | 2088 ||| READING scroll labelled WUSSO VUAME.
  2089 | D:3      | 2089 ||| READING 2 scrolls labelled NEAHOQ HUKLUS.
  2090 | D:3      | 2090 ||| DRINKING 2 fuming dark potions.
  2091 | D:3      | 2091 ||| DRINKING 2 black potions.
  2092 | D:3      | 2092 ||| DROPPING potion of degeneration.
  2093 | D:3      | 2093 ||| DROPPING scroll of noise.
  2120 | D:4      | Noticed a phantom
  2122 | D:4      | Noticed a phantom
  2127 | D:4      | Killed a phantom
  2128 | D:4      | Reached XP level 6. HP: 39/39 MP: 6/6
  2184 | D:4      | 2184 ||| Stepping ~*~*~tactically~*~*~ (hiding).
  2227 | D:4      | 2227 ||| DROPPING +4 club.
  2295 | D:4      | 2295 ||| Stepping ~*~*~tactically~*~*~ (stealth).
  2310 | D:4      | 2310 ||| Stepping ~*~*~tactically~*~*~ (stealth).
  2316 | D:4      | 2316 ||| Stepping ~*~*~tactically~*~*~ (water).
  2323 | D:4      | Reached skill level 6 in Axes
  2329 | D:4      | Reached skill level 1 in Dodging
  2329 | D:4      | Reached XP level 7. HP: 35/44 MP: 7/7
  2532 | D:4      | Found Vonol's General Store.
  2534 | D:4      | Found Wiemneq's Specific Store.
  2539 | D:4      | 2539 ||| BUYING +0 kite shield (49 gold).
  2539 | D:4      | Bought a +0 kite shield for 49 gold pieces
  2539 | D:4      | 2539 ||| SHOPLISTING potion of magic (88 gold, have 44).
  2539 | D:4      | 2539 ||| SHOPLISTING potion of resistance (110 gold, have
                  | 44).
  2539 | D:4      | 2539 ||| BUYING scroll of teleportation (33 gold).
  2539 | D:4      | Bought a scroll of teleportation for 33 gold pieces
  2543 | D:4      | 2543 ||| SHOPLISTING scroll of identify (20 gold, have 11).
  2730 | D:4      | Noticed Grinder
  2736 | D:4      | 2736 ||| Stepping ~*~*~tactically~*~*~ (hiding).
  2742 | D:4      | Killed Grinder
  2790 | D:4      | HP: 5/44 [gnoll/+0 flail[a gnoll sergeant] (8)]
  2791 | D:4      | 2791 ||| READING 2 scrolls of teleportation.
  2794 | D:4      | Slain by a gnoll sergeant

Levels and vault maps discovered:
D:1:      dpeg_arrival_oval, layout_basic, shapermc_ecumenical_altar_venn
D:2:      layout_basic
D:3:      layout_basic, serial_shops, shop_fountains, kennysheep_jessica_study
D:4:      layout_loops_ring, serial_undead, serial_undead_f, serial_undead_f,
          serial_undead_a, serial_undead_b, nicolae_specific_store,
          lightli_minifort, uniq_grinder

Skill      XL: |  1  2  3  4  5  6 |
---------------+-------------------+-----
Axes           | 2 3 4 5 6 |  6.8
Fighting       | 4 |  4.5
Dodging        | 1 |  1.4
Armour         | |  3.2
Shields        | |  3.2

Action                     |  1- 3 |  4- 6 |  7- 9 || total
---------------------------+-------+-------+-------++-------
  Melee: War axe           |    96 |   141 |    30 ||   267
    Use: Scroll            |     6 |     2 |     1 ||     9
         Potion            |     1 |     2 |       ||     3
 Armour: Scale mail        |    13 |       |       ||    13
         Chain mail        |    43 |    90 |    32 ||   165
  Dodge: Dodged            |    25 |    46 |    22 ||    93
  Block: Buckler           |    13 |    24 |    12 ||    49

Table legend:
 A = Non-vault XP
 B = Vault XP
 C = Vault XP percentage of total XP
 D = Non-vault monster count
 E = Vault monster count
 F = Vault count percentage of total count
                 A         B        C        D         E       F
            +---------+---------+-------+---------+---------+-------
      Total |     360 |     619 |  63.2 |      61 |      14 |  18.7
            +---------+---------+-------+---------+---------+-------
        D:1 |      24 |       0 |   0.0 |      17 |       0 |   0.0
        D:2 |      45 |       0 |   0.0 |      12 |       0 |   0.0
        D:3 |     126 |      39 |  23.6 |      22 |       2 |   8.3
        D:4 |     165 |     580 |  77.9 |      10 |      12 |  54.5
            +---------+---------+-------+---------+---------+-------
